 Dungeon Crawl Stone Soup version 0.31.0-9-g3a7656b989 (webtiles) character file.

Game seed: 4445032028365347662

350 Kenran the Chopper (level 6, -4/84 HPs)
             Began as a Naga Berserker on Jan 27, 2024.
             Was a Priest of Trog.
             Slain by an ogre
             ... wielding a +0 giant club
              (15 damage)
             ... on level 4 of the Dungeon.
             The game lasted 00:08:27 (4037 turns).

Kenran the Chopper (Naga Berserker)                 Turns: 4037, Time: 00:08:28

Health: -4/84      AC: 12    Str: 21    XL:     6   Next: 61%
Magic:  6/6        EV:  4    Int:  6    God:    Trog [***...]
Gold:   247        SH:  0    Dex: 10    Spells: 5/5 levels left

rFire   . . .        a - +0 war axe
rCold   + . .        (no shield)
rNeg    + + .        x - +0 chain mail
rPois   +            u - +0 helmet
rElec   .            (no cloak)
rCorr   .            w - +0 pair of gloves
SInv    +            b - +0 barding of Amped {Rampage rPois rN++ Int-2}
Will    .....        e - amulet of faith {!P} Stlth
                     i - ring of Shadows {Umbra +Inv Stlth+}
HPRegen 0.34/turn    s - ring of protection from cold
MPRegen 0.10/turn

%: rampage, faith
@: berserking (expiring), wreathed by umbra, quick
A: AC +2, large, see invisible, deformed body, poison resistance, slowness 2,
spit poison 1, naga tail 1
a: Spit Poison, Renounce Religion, Evoke Invisibility, Berserk, Trog's Hand


You were on level 4 of the Dungeon.
You worshipped Trog.
Trog was most pleased with you.
You visited 1 branch of the dungeon, and saw 4 of its levels.

You collected 247 gold pieces.

Inventory:

Hand Weapons
 a - a +0 war axe (weapon)
 t - a +3 whip of electrocution
Armour
 b - the +0 barding of Amped (worn) {Rampage rPois rN++ Int-2}
   (You acquired it on level 4 of the Dungeon)

   Int-2:     It affects your intelligence (-2).
   rPois:     It protects you from poison rN++: It greatly protects you from
   negative energy.
   Rampage:   It bestows one free step when moving towards enemies.
 u - a +0 helmet (worn)
 w - a +0 pair of gloves (worn)
 x - a +0 chain mail (worn)
Jewellery
 e - an amulet of faith (around neck) {!P}
 i - the ring of Shadows (left hand) {Umbra +Inv Stlth+}
   (You took it off a hobgoblin on level 2 of the Dungeon)

   [ring of stealth]

   Umbra:     It surrounds you with an aura of shadow, increasing your stealth
   and reducing the accuracy of all others within it.
   +Inv:      It lets you turn invisible.
   Stlth+:    It makes you more stealthy.
 s - a ring of protection from cold (right hand)
Scrolls
 c - a scroll of enchant armour
 g - a scroll of poison
 j - 2 scrolls of vulnerability {unknown}
 k - a scroll of amnesia {unknown}
 m - 3 scrolls of enchant weapon
 q - 2 scrolls of teleportation
 v - a scroll of brand weapon {unknown}
Potions
 d - a potion of heal wounds {unknown}
 f - a potion of haste {unknown}
 h - a potion of resistance {unknown}
 l - 2 potions of degeneration {unknown}
 n - 3 potions of mutation {unknown}
 o - a potion of enlightenment {unknown}
 p - 2 potions of lignification {unknown}
 r - 2 potions of curing {@q1}
 z - a potion of might {unknown}
 A - a potion of brilliance {unknown}


   Skills:
 - Level 3.0 Fighting
 + Level 7.2 Axes
 - Level 1.5 Armour
 - Level 1.5 Dodging


You had 5 spell levels left.
You didn't know any spells.
Your spell library was empty.

Dungeon Overview and Level Annotations

Branches:
Dungeon (4/15)             Temple (0/1) D:4

Altars:
Xom


Innate Abilities, Weirdness & Mutations

Your serpentine skin is tough. (AC +2)
You have supernaturally acute eyesight. (SInv)
Armour fits poorly on your strangely shaped body.
Your system is resistant to poisons. (rPois)
You cover ground very slowly.
You can spit poison.
You have a snake-like lower body.


Message History

The orc shouts!
You rampage towards the orc!
The orc hits you but does no damage. The orc barely misses you.
You barely miss the orc. The orc hits you with a +0 flail.
You should not fight recklessly!
You hit the orc.
The orc is heavily wounded.
The orc hits you but does no damage.
You hit the orc.
The orc is almost dead.
The orc hits you with a +0 flail.
You completely miss the orc.
The orc is severely wounded.
The orc hits you but does no damage.
You slash the orc!
You kill the orc!
Trog accepts your kill.
No target in view!
You see here a +0 flail.
j - 2 scrolls labelled MOANUUSCH ZEORPHA (gained 1)
An ogre comes into view. It is wielding a +0 giant club.
Found 13 gold pieces.
The ogre shouts!
A red film seems to cover your vision as you go berserk!
You feel yourself moving faster!
You feel mighty!
The ogre hits you with a +0 giant club!!
You barely miss the ogre. You barely miss the ogre.
The ogre hits you with a +0 giant club!!
You barely miss the ogre. You slash the ogre!
The ogre is moderately wounded.
The ogre hits you with a +0 giant club!!
* * * LOW HITPOINT WARNING * * *
You barely miss the ogre.
The ogre is moderately wounded.
You slash the ogre!
The ogre is almost dead.
The ogre hits you with a +0 giant club!
You die...

..####.)#.........#
#. ##.#..⌠...⌠..#
#. #............ #.
###.........# #.
##.##.##.## #.
#....##..# #$
#.######..
#O########.########
#.@................
###################


You could see an ogre.

Vanquished Creatures
  A bombardier beetle (D:4)
  An orc priest (D:4)
  An iguana (D:4)
  An orc wizard (D:4)
  7 adders
  4 gnolls (D:3)
  4 ribbon worms
  6 dart slugs
  7 orcs
  6 bats
  9 endoplasms
  6 giant cockroaches
  12 hobgoblins
  9 jackals
  11 kobolds
  4 ball pythons
  9 frilled lizards
  4 goblins
  3 rats (D:2)
105 creatures vanquished.

Notes
Turn   | Place    | Note
-------+----------+-------------------------------------------
     0 | D:1      | Kenran the Naga Berserker began the quest for the Orb.
     0 | D:1      | Reached XP level 1. HP: 21/21 MP: 1/1
   121 | D:1      | Reached XP level 2. HP: 10/28 MP: 2/2
   349 | D:1      | Reached skill level 4 in Axes
   419 | D:1      | Reached XP level 3. HP: 34/34 MP: 3/3
   942 | D:2      | Reached ** piety under Trog
  1028 | D:1      | Reached XP level 4. HP: 26/42 MP: 4/4
  1142 | D:2      | Reached skill level 5 in Axes
  1238 | D:2      | Found a faded altar of an unknown god.
  1408 | D:2      | Reached XP level 5. HP: 47/49 MP: 5/5
  1828 | D:2      | Found a shimmering altar of Xom.
  1903 | D:2      | Reached *** piety under Trog
  2507 | D:3      | Reached skill level 6 in Axes
  3177 | D:4      | Identified a scroll of acquirement
  3178 | D:4      | Acquired the +0 barding of Amped {Rampage rPois rN++ Int-2}
  3256 | D:4      | Reached XP level 6. HP: 42/56 MP: 6/6
  3427 | D:4      | Reached skill level 7 in Axes
  3774 | D:4      | Found a staircase to the Ecumenical Temple.
  4037 | D:4      | Slain by an ogre

Illustrated notes

Levels and vault maps discovered:
D:1:      lightli_arrival_statue_moat, layout_basic, minmay_split_cup_small
D:2:      kb_forest_paths, layout_basic, dreamdust_ecumenical_altar_grove,
          basic_altar, minmay_joined_circles
D:3:      layout_basic, patterned_corridor
D:4:      layout_basic, minmay_temple_entry_large_hall

Skill      XL: |  1  2  3  4  5  6 |
---------------+-------------------+-----
Axes           | 4 5 6 7 |  7.2
Fighting       | |  3.0
Armour         | |  1.5
Dodging        | |  1.5

Action                     |  1- 3 |  4- 6 || total
---------------------------+-------+-------++-------
  Melee: Hand axe          |    75 |       ||    75
         Punch             |     1 |       ||     1
         War axe           |    40 |   231 ||   271
 Invoke: Berserk           |     2 |     4 ||     6
Ability: Spit Poison       |     6 |     1 ||     7
    Use: Scroll            |       |     7 ||     7
 Armour: Animal skin       |    45 |       ||    45
         Plate armour      |    77 |   178 ||   255
         Chain mail        |       |    45 ||    45
  Dodge: Dodged            |    39 |    55 ||    94
